 Dungeon Crawl Stone Soup version 0.31.0-12-g77e489cdc1 (webtiles) character file.

Game seed: 7701279337813590517

93 EonDragon20 the Cudgeller (level 4, -1/21 (26) HPs)
             Began as a Gargoyle Reaver on Feb 22, 2024.
             Slain by a hound (3 damage)
             ... on level 3 of the Dungeon on Feb 26, 2024.
             The game lasted 00:06:59 (1762 turns).

EonDragon20 the Cudgeller (Gargoyle Reaver)         Turns: 1762, Time: 00:06:59

HP:   -1/21 (26)    AC:  6    Str: 15    XL:     4   Next: 61%
MP:   7/7           EV: 11    Int: 16    God:
Gold: 160           SH:  0    Dex:  8    Spells: 6/7 levels left

rFire   . . .        a - +0 mace
rCold   . . .        (no shield)
rNeg    + . .        b - +0 leather armour
rPois   ∞            (no helmet)
rElec   +            (no cloak)
rCorr   .            (no gloves)
SInv    .            (no boots)
Will    .....        (no amulet)
Stlth   +            (no ring)
HPRegen 0.23/turn    (no ring)
MPRegen 0.10/turn

%: no passive effects
@: heavily drained
A: sickness immunity, AC +3, negative energy resistance 1, electricity
resistance, torment resistance 1, petrification resistance
a: no special abilities


You were on level 3 of the Dungeon.
You visited 1 branch of the dungeon, and saw 3 of its levels.

You collected 160 gold pieces.

Inventory:

Hand Weapons
 a - a +0 mace (weapon)
Armour
 b - a +0 leather armour (worn)
Jewellery
 g - a ring of wizardry
Potions
 c - 2 potions of berserk rage {unknown}
 d - 2 potions of curing
 e - a potion of haste {unknown}
 f - a potion of degeneration {unknown}


   Skills:
 - Level 2.2 Fighting
 * Level 5.2 Maces & Flails
 - Level 1.5 Dodging
 - Level 2.0 Spellcasting
 - Level 3.3 Conjurations


You had 6 spell levels left.
You knew the following spells:

 Your Spells              Type           Power      Damage    Failure   Level
a - Kiss of Death         Conj/Necr      24%        2d7       13%         1

Your spell library contained the following spells:

 Spells                   Type           Power      Damage    Failure   Level
 Momentum Strike          Conj/Tloc      12%        3d8       21%         2
 Hailstorm                Conj/Ice       6%         3d5       36%         3
 Ignite Poison            Fire/Alch      1%         N/A       94%         4
 Sticky Flame             Fire/Alch      1%         2d4       94%         4
 Ignition                 Fire           0%         3d3       100%        8


Dungeon Overview and Level Annotations

Branches:
Dungeon (3/15)

Altars:

Annotations:
D:2 1 runed translucent door, Crazy Yiuf


Innate Abilities, Weirdness & Mutations

You are immune to sickness and miasma.
Your stone body is resilient. (AC +3)
You are immune to poison.
You resist negative energy. (rN+)
You are resistant to electric shocks. (rElec)
You are resistant to unholy torment.
You are immune to petrification.


Message History

The bat closely misses you. The adder attacks as it pursues you!
The adder bites you but does no damage.
A rat comes into view.
The rat squeaks loudly.
You hear an angry hiss.
The bat barely misses you. The adder bites you.
The bat hits you but does no damage.
A frilled lizard comes into view.
The endoplasm freezes you.
You are frozen.
The adder bites you but does no damage. The bat misses you.
The adder barely misses you.
A frilled lizard comes into view.
The endoplasm closely misses you.
The frilled lizard hisses angrily.
The bat hits you but does no damage. The adder bites you but does no damage.
The endoplasm freezes you.
You are frozen.
The adder barely misses you. The hound misses you. The bat hits you.
The endoplasm hits you but does no damage.
The bat barely misses you. The bat closely misses you.
The adder closely misses you. The hound barely misses you.
The adder closely misses you. The hound bites you but does no damage.
The endoplasm barely misses you. The hound closely misses you.
The bat hits you. The adder bites you but does no damage.
The endoplasm hits you but does no damage.
The bat barely misses you. The bat hits you but does no damage.
The hound barely misses you. The adder bites you but does no damage.
The hound bites you.
* * * LOW HITPOINT WARNING * * *
The endoplasm hits you but does no damage.
The bat barely misses you. The adder barely misses you. The hound bites you.
* * * LOW HITPOINT WARNING * * *
The frilled lizard misses you. The adder completely misses you.
The endoplasm freezes you.
You are frozen.
* * * LOW HITPOINT WARNING * * *
The hound barely misses you. The bat hits you but does no damage.
The adder bites you but does no damage. The hound bites you.
You die...

................
.................
..................
............[......
....................
.....................
.............brh...?..
#.............J@ll.....
##.............S........
........................
##......................
.#.............[........
........................
........................
........................
......................


You could see a hound, an adder, an endoplasm, a bat, 2 frilled lizards and a
rat.

Vanquished Creatures
  2 adders (D:2)
  An adder zombie (D:2)
  An adder skeleton (D:2)
  A dart slug (D:1)
  A ribbon worm (D:2)
  3 orcs (D:2)
  3 ball pythons
  5 endoplasms
  2 giant cockroaches (D:1)
  3 goblins
  10 hobgoblins
  3 jackals (D:1)
  4 quokkas
  2 ball python skeletons (D:2)
  4 bats (D:1)
  4 frilled lizards
  6 kobolds
  A rat (D:2)
56 creatures vanquished.

Notes
Turn   | Place    | Note
-------+----------+-------------------------------------------
     0 | D:1      | EonDragon20 the Gargoyle Reaver began the quest for the
                  | Orb.
     0 | D:1      | Reached XP level 1. HP: 12/12 MP: 3/3
   115 | D:1      | Reached XP level 2. HP: 17/17 MP: 5/5
   328 | D:1      | Reached skill level 4 in Maces & Flails
   351 | D:1      | Reached XP level 3. HP: 21/21 MP: 6/6
  1060 | D:2      | Reached XP level 4. HP: 18/18 MP: 7/7
  1317 | D:2      | Reached skill level 5 in Maces & Flails
  1498 | D:2      | Found a runed translucent door.
  1499 | D:2      | Noticed Crazy Yiuf
  1761 | D:3      | HP: 1/21 [frozen (3)]
  1762 | D:3      | Slain by a hound

Illustrated notes

Levels and vault maps discovered:
D:1:      onia_arrival_mini_maze_b, layout_basic
D:2:      layout_rooms, serial_undead, serial_undead_e, serial_undead_d,
          serial_undead_b, serial_undead_b, uniq_crazy_yiuf_cottage
D:3:      layout_basic, uniq_natasha

Skill      XL: |  1  2  3  4 |
---------------+-------------+-----
Maces & Flails | 4 5 |  5.2
Fighting       | |  2.2
Dodging        | |  1.5
Spellcasting   | |  2.0
Conjurations   | |  3.3

Action                     |  1- 3 |  4- 6 || total
---------------------------+-------+-------++-------
  Melee: Mace              |   139 |    68 ||   207
   Cast: Kiss of Death     |     2 |       ||     2
    Use: Scroll            |     2 |       ||     2
 Armour: Leather armour    |    81 |    84 ||   165
  Dodge: Dodged            |    94 |    89 ||   183
